 Dungeon Crawl Stone Soup version 0.30.0-29-ga12c61a403 (webtiles) character file.

Game seed: 4953932628507410841

183 Graphine the Trooper (level 5, -2/42 HPs)
             Began as a Demonspawn Monk on June 24, 2023.
             Killed by divine providence
             ... invoked by an orc priest
              (13 damage)
             ... on level 3 of the Dungeon.
             The game lasted 00:04:31 (1709 turns).

Graphine the Trooper (Demonspawn Monk)              Turns: 1709, Time: 00:04:31

Health: -2/42      AC:  4    Str: 11    XL:     5   Next: 35%
Magic:  3/7        EV: 13    Int: 12    God:
Gold:   142        SH:  0    Dex: 17    Spells: 4/5 levels left

rFire   . . .        a - +0 falchion
rCold   . . .        d - orb {light}
rNeg    . . .        e - +1 leather armour {Will+}
rPois   .            (helmet restricted)
rElec   .            (no cloak)
rCorr   .            (no gloves)
SInv    +            (no boots)
Will    +....        (no amulet)
Stlth   +            f - ring of see invisible
HPRegen 0.27/turn    (no ring)
MPRegen 0.10/turn

%: no passive effects
@: glowing
A: horns 1, spiny 1, demonic magic 1
a: no special abilities


You were on level 3 of the Dungeon.
You visited 1 branch of the dungeon, and saw 3 of its levels.

You collected 142 gold pieces.

Inventory:

Hand Weapons
 a - a +0 falchion (weapon)
Missiles
 i - 4 curare-tipped darts
Armour
 d - an orb of light (worn)
 e - a +1 leather armour of willpower (worn)
Jewellery
 f - a ring of see invisible (left hand)
Scrolls
 j - a scroll of noise {unknown}
 m - a scroll of enchant weapon {unknown}
 n - a scroll of silence {unknown}
 o - a scroll of vulnerability {unknown}
Potions
 b - a potion of heal wounds
 c - a potion of invisibility {unknown}
 g - a potion of cancellation
 h - a potion of haste
 k - 2 potions of ambrosia
 l - 2 potions of brilliance {unknown}


   Skills:
 * Level 3.9 Fighting
 + Level 3.1 Long Blades
 + Level 1.0 Armour
 + Level 3.2 Dodging
 + Level 0.9 Spellcasting
 * Level 1.2 Earth Magic
 * Level 3.1 Invocations


You had 4 spell levels left.
You knew the following spells:

 Your Spells              Type           Power      Damage    Failure   Level
a - Sandblast             Erth           6%         2d5       24%         1

Your spell library contained the following spells:

 Spells                   Type           Power      Damage    Failure   Level
 Passwall                 Tmut/Erth      1%         N/A       43%         2
 Stone Arrow              Conj/Erth      4%         3d7       67%         3


Dungeon Overview and Level Annotations

Branches:
Dungeon (3/15)

Altars:


Innate Abilities, Weirdness & Mutations

You have a pair of small horns on your head.
You are partially covered in sharp spines.
Spells you cast may paralyse adjacent enemies.


Message History

You are too injured to fight recklessly!
You are too injured to fight recklessly!
Unknown command.
Hit: a) +0 falchion
Press: ? - help, Dir - move target, f/p - quokka
Aim: a quokka (almost dead, paralysed, haloed, about 2% to evade your +0 falchion)
The helpless quokka fails to defend itself.
You slash the quokka!
You kill the quokka!
Hit: a) +0 falchion
Press: ? - help, Dir - move target, f - orc
Aim: an orc, wielding a +0 dagger (haloed, about 21% to evade your +0 falchion)
You hit the orc.
The orc is moderately wounded.
The orc is struck by your spines. The orc closely misses you.
Unknown command.
You are too injured to fight recklessly!
Casting: Sandblast (safe; 24% risk of failure)
Confirm with . or Enter, or press ? or * to list all spells.
Aiming: Sandblast (safe; 24% risk of failure)
Press: ? - help, Shift-Dir - straight line, f/p - orc
Aim: an orc, wielding a +0 dagger (almost dead, haloed, 85% to hit)
The blast of sand hits the orc.
You kill the orc!
Malevolent energies surge around you.
The orc priest calls down the wrath of Beogh upon you.
Beogh smites you!
* * * LOW HITPOINT WARNING * * *
Casting: Sandblast (safe; 24% risk of failure)
Confirm with . or Enter, or press ? or * to list all spells.
Aiming: Sandblast (safe; 24% risk of failure)
Press: ? - help, Shift-Dir - straight line, f - orc priest
Aim: an orc priest, wielding a +0 club (haloed, 85% to hit)
The blast of sand hits the orc priest!
The orc priest is heavily wounded.
Malevolent energies surge around you. The orc priest hits you with a +0 club.
* * * LOW HITPOINT WARNING * * *
The orc priest calls down the wrath of Beogh upon you.
Beogh smites you!
You die...

#. #.#
##.##.#######.#
.............>#
#...###.#######
#...##...####
#.........#######
####...##........
##.###.#######
#......@oo.#
#########.###o.#
..........# ..#
########### $.#
o.# ..# ..# ..#


You could see 2 orc priests and an orc.

Vanquished Creatures
  A jelly (D:2)
  An orc wizard (D:3)
  A gnoll (D:1)
  4 adders
  2 dart slugs
  6 orcs (D:3)
  10 endoplasms
  3 giant cockroaches
  8 goblins
  7 hobgoblins
  4 jackals (D:1)
  A quokka (D:3)
  5 ball pythons
  3 bats (D:2)
  2 frilled lizards (D:1)
  3 kobolds
  2 rats (D:1)
  A spectral hobgoblin (D:1)
64 creatures vanquished.

Notes
Turn   | Place    | Note
-------+----------+-------------------------------------------
     0 | D:1      | Graphine the Demonspawn Monk began the quest for the Orb.
     0 | D:1      | Reached XP level 1. HP: 18/18 MP: 1/1
    46 | D:1      | Reached skill level 1 in Invocations
    46 | D:1      | Gained mutation: Spells you cast may paralyse adjacent
                  | enemies. [demonic ancestry]
    46 | D:1      | Reached XP level 2. HP: 24/24 MP: 2/2
   257 | D:1      | Found a faded altar of an unknown god.
   265 | D:1      | Gained mutation: You are partially covered in sharp spines.
                  | [demonic ancestry]
   265 | D:1      | Reached XP level 3. HP: 28/29 MP: 4/4
   446 | D:1      | Learned a level 1 spell: Sandblast
   703 | D:2      | Gained mutation: You have a pair of small horns on your
                  | head. [demonic ancestry]
   703 | D:2      | Reached XP level 4. HP: 35/36 MP: 5/5
  1057 | D:2      | Reached skill level 1 in Earth Magic
  1224 | D:3      | Reached XP level 5. HP: 22/42 MP: 7/7
  1585 | D:3      | Reached skill level 1 in Armour
  1709 | D:3      | Killed from afar by an orc priest

Illustrated notes

Levels and vault maps discovered:
D:1:      amcnicky_arrival_choice, layout_basic,
          dreamdust_ecumenical_altar_drowned_temple
D:2:      layout_basic, chequers_garden
D:3:      layout_loops_ring, nicolae_ru_the_path_less_chosen

Skill      XL: |  1  2  3  4  5 |
---------------+----------------+-----
Invocations    | 1 2 3 |  3.1
Dodging        | 3 |  3.2
Long Blades    | 3 |  3.1
Earth Magic    | 1 |  1.2
Armour         | 1 |  1.0
Fighting       | |  3.9
Spellcasting   | |  0.9

Action                     |  1- 3 |  4- 6 || total
---------------------------+-------+-------++-------
  Melee: Falchion          |    78 |    28 ||   106
         Headbutt          |       |     8 ||     8
  Throw: Boomerang         |       |    10 ||    10
   Cast: Sandblast         |     2 |    10 ||    12
    Use: Potion            |     1 |       ||     1
         Scroll            |     3 |     2 ||     5
   Stab: Paralysed         |     2 |     3 ||     5
 Armour: Leather armour    |    14 |     8 ||    22
  Dodge: Dodged            |    57 |    28 ||    85
